 Dungeon Crawl Stone Soup version 0.19.4-8-ga85b6b9 (webtiles) character file.

199 Chiseanne the Conjurer (level 5, -2/35 HPs)
             Began as a Demonspawn Wizard on Feb 11, 2017.
             Slain by Blork the orc
             ... wielding a +0 dire flail
              (12 damage)
             ... on level 4 of the Dungeon.
             The game lasted 00:07:31 (4715 turns).

Chiseanne the Conjurer (Demonspawn Wizard)          Turns: 4715, Time: 00:07:32

Health: -2/35      AC:  6    Str:  8    XL:     5   Next: 48%
Magic:  1/9        EV: 12    Int: 20    God:
Gold:   94         SH:  0    Dex: 14    Spells: 4 memorised, 1 level left

rFire  . . .     SeeInvis .     a - +1 short sword (venom)
rCold  . . .     Gourm    .     m - +0 robe
rNeg   . . .     Faith    .     (no shield)
rPois  .         Spirit   .     b - +0 hat
rElec  .         Reflect  .     (no cloak)
rCorr  .         Harm     .     (no gloves)
MR     .....                    l - +1 pair of boots (curse)
Stlth  +++.......               (no amulet)
                                (no ring)
                                f - +3 ring of dexterity

@: very slightly contaminated
A: molten scales 1, nightstalker 1, rot immunity
a: no special abilities


You were on level 4 of the Dungeon.
You were near starving.

You visited 1 branch of the dungeon, and saw 4 of its levels.

You collected 94 gold pieces.

Inventory:

Hand Weapons
 a - a +1 short sword of venom (weapon)
Missiles
 e - 16 poisoned needles
 g - 94 stones (quivered)
 o - 30 sling bullets
 v - 55 arrows
Armour
 b - a +0 hat (worn)
 l - a cursed +1 pair of boots (worn)
 m - a +0 robe (worn)
Jewellery
 f - a +3 ring of dexterity (left hand)
 z - an uncursed ring of ice {unknown}
Scrolls
 q - 2 scrolls of remove curse
 r - 2 scrolls of identify
 y - a scroll of teleportation
Potions
 i - a potion of haste {unknown}
 j - a potion of cancellation {unknown}
 k - a potion of mutation {unknown}
 n - a potion of heal wounds {unknown}
 s - a potion of ambrosia
 t - a potion of resistance
 u - a potion of lignification
 w - a potion of curing {unknown}
Books
 c - a book of Minor Magic

   Spells                             Type                      Level
   a - Magic Dart                     Conjuration                  1
   b - Blink                          Translocation                2
   c - Call Imp                       Summoning                    2
   d - Repel Missiles                 Charms/Air                   2
   e - Slow                           Hexes                        2
   f - Conjure Flame                  Conjuration/Fire             3
   g - Mephitic Cloud                 Conjuration/Poison/Air       3
Comestibles
 d - 2 bread rations
 h - 4 meat rations
 p - 6 fruits
 x - a royal jelly


   Skills:
 - Level 1.7 Dodging
 - Level 1.7 Stealth
 - Level 3.0 Spellcasting
 + Level 5.5 Conjurations
   Level 1.0 Summonings
 - Level 0.8 Translocations


You had one spell level left.
You knew the following spells:

 Your Spells              Type           Power        Failure   Level  Hunger
a - Magic Dart            Conj           ####         1%          1    None
b - Blink                 Tloc           N/A          17%         2    ##.....
c - Conjure Flame         Conj/Fire      ##......     14%         3    ###....
d - Mephitic Cloud        Conj/Pois/Air  ##......     21%         3    ###....


Dungeon Overview and Level Annotations

Branches:
Dungeon (4/15)
 Temple: D:4-7

Altars:
Ashenzari
Nemelex Xobeh
Qazlal
Sif Muna

Annotations:
D:3 Chiseanne's ghost, amateur DsWz
D:4 Blork the orc


Innate Abilities, Weirdness & Mutations

You are partially covered in molten scales. (AC +2)
You are slightly more attuned to the shadows.
You are immune to rotting.


Message History

Blork the orc is moderately wounded.
Blork the orc barely misses you.
You hit Blork the orc.
Blork the orc looks as sick as possible!
Blork the orc is heavily wounded.
Blork the orc hits you with a dire flail.
You are near starving!
You completely miss Blork the orc.
Blork the orc is heavily wounded.
Blork the orc hits you with a dire flail.
You hit Blork the orc.
Blork the orc looks as sick as possible!
Blork the orc is severely wounded.
Blork the orc mumbles some strange words.
Blork the orc flickers and vanishes!
Deactivating autopickup; reactivate with Ctrl-A.
You hit something. Something hits you!
* * * LOW HITPOINT WARNING * * *
You hit something but do no damage. Something hits you!
You die...

.......####
..........#
..........# #...
..........# #..#
..........# ..#
.#...###### ...
#...#≈≈§§§# #.#
###.##≈≈.≈≈# #{#
..#.##≈._.≈# #@#
....# ≈§.§§ #.#
#.### ≈.≈ #####.#
#.# ###'###.....#
#.####.#..#.######
#.......#.#.#
######....#.#
#.####.# #.####.#


There were no monsters in sight!

Vanquished Creatures
  A crimson imp (D:4)
  A hound (D:3)
  5 adders
  An ooze (D:2)
  A worm (D:2)
  3 leopard geckos
  5 orcs (D:3)
  A ball python (D:3)
  7 giant cockroaches
  8 goblins
  5 hobgoblins
  6 jackals
  11 bats
  3 frilled lizards (D:1)
  9 kobolds
  12 rats
79 creatures vanquished.

Notes
Turn   | Place    | Note
-------+----------+-------------------------------------------
     0 | D:1      | Chiseanne the Demonspawn Wizard began the quest for the Orb.
     0 | D:1      | Reached XP level 1. HP: 13/13 MP: 4/4
   441 | D:1      | Reached skill level 2 in Conjurations
   562 | D:1      | Gained mutation: You are partially covered in molten scales. (AC +2) [demonic ancestry]
   562 | D:1      | Reached XP level 2. HP: 19/19 MP: 0/6
  1356 | D:1      | Reached skill level 3 in Conjurations
  1356 | D:1      | Reached XP level 3. HP: 24/24 MP: 0/7
  1977 | D:1      | Learned a level 2 spell: Blink
  1981 | D:1      | Learned a level 3 spell: Mephitic Cloud
  2038 | D:2      | Found a stormy altar of Qazlal.
  2391 | D:2      | Found a sparkling altar of Nemelex Xobeh.
  2462 | D:2      | Found a sparkling altar of Nemelex Xobeh.
  2979 | D:2      | Gained mutation: You are immune to rotting. [demonic ancestry]
  2979 | D:2      | Reached XP level 4. HP: 30/30 MP: 4/8
  3176 | D:3      | Noticed Chiseanne's ghost (amateur DsWz)
  3244 | D:2      | Reached skill level 4 in Conjurations
  3463 | D:3      | Learned a level 3 spell: Conjure Flame
  3482 | D:3      | Found a shattered altar of Ashenzari.
  3990 | D:3      | Reached skill level 5 in Conjurations
  3990 | D:3      | Gained mutation: You are slightly more attuned to the shadows. [demonic ancestry]
  3990 | D:3      | Reached XP level 5. HP: 24/35 MP: 1/9
  4656 | D:4      | Found a deep blue altar of Sif Muna.
  4703 | D:4      | Noticed Blork the orc
  4715 | D:4      | Slain by Blork the orc

Skill      XL: |  1  2  3  4 |
---------------+-------------+-----
Conjurations   | 2 3 5 |  5.5
Dodging        | |  1.7
Stealth        | |  1.7
Spellcasting   | |  3.0
Summonings     | |  1.0
Translocations | |  0.8

Action                   |  1- 3 |  4- 6 || total
-------------------------+-------+-------++-------
Melee: Unarmed           |    21 |       ||    21
       Short sword       |    32 |    25 ||    57
       Club              |     1 |       ||     1
 Cast: Magic Dart        |   108 |    77 ||   185
  Use: Scroll            |     5 |     6 ||    11
  Eat: Chunk             |     6 |     4 ||    10
Armor: Robe              |    25 |    15 ||    40
Dodge: Dodged            |    56 |    28 ||    84
